 Dungeon Crawl Stone Soup version 0.31-a0-221-gbddc013574 (webtiles) character file.

Game seed: 16315165874275515831

20228 mdonais the Fighter (level 12, -3/81 HPs)
             Began as an Octopode Brigand on June 30, 2023.
             Was an Initiate of Yredelemnul.
             Slain by a quicksilver ooze (18 damage)
             ... in a Gauntlet on July 4, 2023.
             The game lasted 01:16:55 (16617 turns).

mdonais the Fighter (Octopode Brigand)             Turns: 16617, Time: 01:16:56

Health: -3/81      AC:  3    Str: 10    XL:     12   Next: 77%
Magic:  0/19       EV: 18    Int: 17    God:    Yredelemnul [......]
Gold:   920        SH:  0    Dex: 20    Spells: 9/18 levels left

rFire   + . .        D - +6 demon blade "Goviub" {flame, Int+2 Dex+3}
rCold   . . .        (no shield)
rNeg    + . .        d - +2 hat {Will+}
rPois   .            r - amulet of regeneration
rElec   .            g - ring of resist corrosion
rCorr   +            N - ring of Birdsong {rF+ rN+ SInv}
SInv    +            (no ring)
Will    +....        (no ring)
Stlth   +++++        (no ring)
HPRegen 1.13/turn    (no ring)
MPRegen 0.16/turn    (no ring)
                     (no ring)

%: no teleportation
@: mighty, attractive, invisible
A: almost no armour, amphibious, 8 rings, camouflage 1, gelatinous body 1,
(nimble swimmer 1), tentacles, frail 1
a: Renounce Religion, Recall Undead Harvest


You were in a Gauntlet.
You worshipped Yredelemnul.
Yredelemnul was aware of your devotion.
You visited 2 branches of the dungeon, and saw 14 of its levels.
You also visited: Gauntlet.

You collected 920 gold pieces.

Inventory:

Hand Weapons
 l - a +2 dagger of venom
   (You took it off a goblin on level 2 of the Dungeon)
 p - a +2 short sword of electrocution
   (You took it off a kobold on level 1 of the Dungeon)
 y - a +2 antimagic orcbow
   (You took it off a centaur on level 7 of the Dungeon)
 D - the +6 demon blade "Goviub" (weapon) {flame, Int+2 Dex+3}
   (You found it on level 8 of the Dungeon)

   Int:       It affects your intelligence (+2).
   Dex:       It affects your dexterity (+3).
Missiles
 b - 24 poisoned darts
 t - 2 boomerangs
 u - a silver boomerang
 v - 2 javelins
 F - a curare-tipped dart
 J - 5 atropa-tipped darts
 K - a boomerang of dispersal
 Z - 3 throwing nets (quivered) {=!f}
Armour
 d - a +2 hat of willpower (worn)
   (You found it in a Gauntlet)
Jewellery
 g - a ring of resist corrosion (left tentacle)
   (You found it on level 6 of the Dungeon)
 r - an amulet of regeneration (around mantle)
   (You found it in a Gauntlet)
 w - an amulet of the acrobat
   (You found it on level 6 of the Dungeon)
 N - the ring of Birdsong (right tentacle) {rF+ rN+ SInv}
   (You acquired it on level 14 of the Dungeon)

   [ring of see invisible]

   rF:        It protects you from fire.
   rN:        It protects you from negative energy.
   SInv:      It lets you see invisible.
Wands
 o - a wand of polymorph (14)
   (You found it on level 6 of the Dungeon)
 q - a wand of mindburst (13)
   (You found it on level 7 of the Dungeon)
 A - a wand of acid (4)
   (You found it in a Gauntlet)
 M - a wand of charming (16)
   (You found it on level 10 of the Dungeon)
 V - a wand of flame (25)
   (You took it off Ijyb on level 4 of the Dungeon)
Scrolls
 a - 2 scrolls of silence
 c - a scroll of vulnerability
 e - 2 scrolls of poison
 f - a scroll of immolation
 h - 5 scrolls of revelation
 m - 2 scrolls of fog
 s - 3 scrolls of enchant armour
 B - a scroll of blinking
 G - a scroll of enchant weapon
 O - a scroll of fear
 P - 2 scrolls of brand weapon {unknown}
 T - 5 scrolls of teleportation
Potions
 i - a potion of mutation
 k - a potion of enlightenment
 n - 4 potions of resistance
 E - a potion of brilliance
 Q - 4 potions of curing


   Skills:
 - Level 11.0 Fighting
 - Level 6.0(7.3) Short Blades
 - Level 6.5(7.6) Long Blades
 - Level 4.0 Throwing
 - Level 8.0 Dodging
 - Level 7.0 Stealth
 - Level 3.9 Spellcasting
 * Level 4.4 Translocations
 - Level 5.0 Ice Magic
 - Level 10.0 Invocations
 * Level 3.7 Evocations


You had 9 spell levels left.
You knew the following spells:

 Your Spells              Type           Power      Damage    Failure   Level
a - Blink                 Tloc           36%        N/A       4%          2
b - Ozocubu's Armour      Ice            20%        N/A       6%          3
c - Manifold Assault      Tloc           18%        N/A       26%         4

Your spell library contained the following spells:

 Spells                   Type           Power      Damage    Failure   Level
 Cigotuvi's Dreadful Rot  Necr/Pois/Air  6%         N/A       24%         2
 Confusing Touch          Hex            3%         N/A       43%         3
 Ignite Poison            Fire/Tmut/Pois 3%         N/A       43%         3
 Dispel Undead            Necr           3%         3d7       85%         4
 Leda's Liquefaction      Hex/Erth       1%         N/A       85%         4
 Metabolic Englaciation   Hex/Ice        5%         N/A       85%         5
 Freezing Cloud           Conj/Ice/Air   4%         6-21      92%         5
 Irradiate                Conj/Tmut      1%         3d12      99%         5
 Storm Form               Tmut/Air       1%         N/A       100%        7
 Death Channel            Necr           Unusable   N/A       N/A         6
 Simulacrum               Ice/Necr       Unusable   N/A       N/A         6

Dungeon Overview and Level Annotations

Branches:
Dungeon (14/15) Zot: 26921  Temple (0/1) D:6            Lair (1/5) D:8 Zot: 5987
    Orc (0/2) D:12        Gauntlet (1/1) Zot: 5386
 Vaults: D:13-14

Altars:
Ashenzari
Elyvilon
Fedhas
Gozag
Kikubaaqudgha
Nemelex Xobeh
Qazlal
Ru
Trog
Uskayaw
Vehumet
Wu Jian
Yredelemnul
Zin
The Shining One

Shops:
D:1 [   D:2 :   D:4 (   D:7 :

Annotations:
Lair:1 Amaemon Gauntlet 13 transporters, 21 runed translucent doors, exclusion: obsidian statue


Innate Abilities, Weirdness & Mutations

You cannot wear most types of armour.
You are amphibious.
You can wear up to eight rings at the same time.
Your skin changes colour to match your surroundings (Stealth+).
Your rubbery body absorbs attacks. (AC +1, EV +1)
((You are camouflaged when in or above water. (Stealth+)))
You have tentacles for arms and can constrict up to eight enemies at once.
You are frail. (-10% HP)


Message History

You start putting on your armour.
You continue putting on your +2 hat of willpower. x4
You finish putting on your +2 hat of willpower.
You feel strong-willed.
Okay, then.
You enter the transporter and appear at another place.
The quicksilver ooze quivers.
There is a transporter here.
Press: ? - help, v - describe, . - travel
Here: a quicksilver ooze (fire blocked by a translucent stone wall)
The floor.
You start resting.
The quicksilver ooze jiggles.
Magic restored.
MP restored: 19 You feel very mighty all of a sudden.
You enter the transporter and appear at another place.
Casting: Manifold Assault (dangerous; 26% risk of failure)
Confirm with . or Enter, or press ? or * to list all spells.
A film of ice covers your body! The quicksilver ooze hits you.
The quicksilver ooze engulfs you!
The quicksilver ooze hits you but does no damage.
You take 5 damage, and have 76/81 hp.
You now have 16/19 mp.
You barely miss the quicksilver ooze. The quicksilver ooze hits you!
The quicksilver ooze hits you but does no damage.
You take 16 damage, and have 60/81 hp.
You closely miss the quicksilver ooze. You squeeze the quicksilver ooze!
The quicksilver ooze is lightly wounded.
The quicksilver ooze hits you! The quicksilver ooze hits you.
You feel your power leaking away. The quicksilver ooze hits you! x2
* * * LOW HITPOINT WARNING * * *
You feel your power leaking away.
You take 38 damage, and have 22/81 hp.
MASSIVE DAMAGE!!
You now have 0/19 mp.
Okay, then.
Unknown command.
Casting: Ozocubu's Armour (dangerous; 6% risk of failure)
Confirm with . or Enter, or press ? or * to list all spells.
You don't have enough magic to cast this spell.
Blink to where?
Press: ? - help, Dir - move target Your icy armour will break if you move.
Continue?
Your icy armour cracks and falls away as you move.
As you read the scroll of blinking, it crumbles to dust.
The ooze engulfing you falls away.
The glowing orange brain turns its attention towards you.
Press: ? - help, v - describe, . - travel
Here: a quicksilver ooze (lightly wounded)
A transporter landing site.
Unknown command.
Okay, then.
Unknown command.
Okay, then.
Unknown command.
Unknown command.
Aiming: Iceblast
Press: ? - help, Shift-Dir - straight line, f - quicksilver ooze
Aim: a quicksilver ooze (lightly wounded)
The mass of ice explodes!
The iceblast engulfs the quicksilver ooze!
The quicksilver ooze is heavily wounded.
The now-empty wand crumbles to dust.
Aiming: Mindburst
Press: ? - help, Shift-Dir - straight line, f - you, p - quicksilver ooze
Okay, then.
Unknown command.
Unknown command.
Okay, then.
Unknown command.
Okay, then.
Unknown command.
Throw: 3 throwing nets {=!f}
Press: ? - help, Q - select action, (/) - cycle Shift-Dir - straight line, f/p - quicksilver ooze
Aim: a quicksilver ooze (heavily wounded, 55% to hit, immune to nets)
Okay, then.
Unknown command.
Unknown command.
Unknown command.
Okay, then.
Unknown command.
Unknown command.
Okay, then.
Unknown command.
Press: ? - help, v - describe, . - travel
Here: a quicksilver ooze (heavily wounded)
The floor.
Unknown command.
Unknown command.
Unknown command.
Unknown command.
Unknown command.
Aiming: Throw Flame
Press: ? - help, Shift-Dir - straight line, f/p - quicksilver ooze
Aim: a quicksilver ooze (heavily wounded, 53% to hit)
Okay, then.
Unknown command.
Unknown command.
It was a potion of invisibility.
You fade into invisibility!
You regained 2 hp, and now have 26/81 hp.
Press: ? - help, v - describe, . - travel
Here: a quicksilver ooze (heavily wounded)
The floor.
Unknown command.
Okay, then.
Unknown command.
You feel much better.
The quicksilver ooze completely misses you.
The quicksilver ooze hits you.
You feel your power leaking away.
You regained 18 hp, and now have 44/81 hp.
You now have 0/19 mp.
You miss the quicksilver ooze.
The quicksilver ooze is moderately wounded.
The quicksilver ooze completely misses you.
The quicksilver ooze misses you. The quicksilver ooze hits you!!
The quicksilver ooze engulfs you! The quicksilver ooze misses you.
You take 18 damage, and have 26/81 hp.
MASSIVE DAMAGE!!
Okay, then.
Unknown command.
Unknown command.
Okay, then.
Unknown command.
Unknown command.
Blink to where?
Press: ? - help, Dir - move target, p - quicksilver ooze
As you read the scroll of blinking, it crumbles to dust.
The ooze engulfing you falls away.
It was a potion of attraction.
You feel attractive to monsters.
The quicksilver ooze is attracted toward you.
Okay, then.
Unknown command.
Unknown command.
Okay, then.
Unknown command.
Unknown command.
Unknown command.
Unknown command.
You barely miss the quicksilver ooze.
The quicksilver ooze is moderately wounded.
The quicksilver ooze misses you. x2
You slash the quicksilver ooze! You burn the quicksilver ooze.
The quicksilver ooze is severely wounded.
The quicksilver ooze hits you!
* * * LOW HITPOINT WARNING * * *
The quicksilver ooze closely misses you.
The quicksilver ooze hits you!!
You die...
Your body rises from the dead as a mindless zombie.

.................................
##########.###########.##########
..[[©.).p#.#!..[©.#."#.#G.u.©[?..
p#.....#5#.#.....#...#.#.......GG
.##...##p#.##....#...#.#..#+++#uu
..#####55#.#.##.#....#.#++#...#++
....©...5#.#...###§..#.#..+...+..
..##.##..#.#....#J##.#.#..+...+..
.##...##.#.#...#@...##.#++#+#+#++
.#....p#.#.#...#.....#.#..+...+..
....55p55#.#..#......#.#..+.©.+..
#################################
≈≈≈#©...........©...........©#...
################.#############...
........©#≈≈8≈≈#.#..............#
################.#..............#
.≈.#.#.........#.#..#############


You could see a quicksilver ooze.

Vanquished Creatures
  2 two-headed ogres
  Lodul (D:12)
  A shining eye (Gauntlet)
  A cyclops (D:11)
  A manticore (D:12)
  2 unseen horrors
  2 komodo dragons
  3 trolls
  A shadow (D:11)
  2 slime creatures (Gauntlet)
  A wraith (D:9)
  24 yaks
  A basilisk (D:12)
  A steam dragon (D:6)
  Eustachio (D:4)
  5 vampire mosquitoes
  Edmund (D:4)
  Duvessa (D:5)
  2 acid dragons
  2 floating eyes (Gauntlet)
  7 orc warriors
  3 ice beasts
  5 sky beasts
  2 black bears
  8 ogres
  4 centaurs
  A phantom (D:6)
  Blork the orc (D:5)
  3 kobold brigands
  A gnoll sergeant (D:11)
  A bullfrog (D:6)
  The ghost of Brisketman the Purveyor of Pain, an amateur FeNe of Kikubaaqudgha (D:3)
  5 scorpions
  8 wights (D:9)
  Dowan (D:5)
  7 killer bees
  A howler monkey (D:11)
  5 jellies
  2 hounds (D:4)
  8 orc priests
  A sleepcap (D:7)
  3 gnoll boudas
  6 iguanas
  Ijyb (D:4)
  9 orc wizards
  13 gnolls
  9 adders
  4 shadow imps
  A white imp (D:6)
  2 ufetubi
  4 worms
  3 dart slugs
  50 orcs
  3 ball pythons
  5 bats
  4 endoplasms
  3 giant cockroaches
  7 hobgoblins
  4 jackals (D:2)
  11 kobolds
  3 quokkas
  3 frilled lizards
  9 goblins
  2 orc zombies (D:9)
  3 rats
  2 spectral orcs (D:9)
294 creatures vanquished.

Vanquished Creatures (collateral kills)
  2 two-headed ogres (D:11)
  An ugly thing (D:12)
  The ghost of Tollund the Ruffian, an amateur TrMo (D:6)
  A troll (D:12)
  3 shadows
  8 yaks
  2 vampire mosquitoes (D:12)
  A black bear (D:6)
  An orc warrior (D:8)
  An ice beast (D:6)
  An ogre (D:12)
  2 killer bees (D:11)
  A jelly (D:4)
  An orc priest (D:6)
  A hound (D:6)
  An iguana (D:6)
  An orc wizard (D:11)
  Robin (D:2)
  2 gnolls
  A shadow imp (D:6)
  A white imp (D:6)
  An orc zombie (D:8)
  7 orcs
  4 ball pythons
  An endoplasm (D:1)
  6 goblins
  3 kobolds (D:1)
  A rat (D:1)
57 creatures vanquished.

Vanquished Creatures (others)
  A wizard (D:8)
  An unseen horror zombie (D:9)
  A vampire mosquito zombie (D:11)
  A yak zombie (D:10)
  A troll zombie (D:6)
  A spectral orc (D:12)
  A bullfrog zombie (D:6)
  2 centaur zombies (D:9)
  A black bear zombie (D:6)
  2 scorpion zombies (D:6)
  2 killer bee zombies (D:8)
  4 ogre zombies
  A sky beast zombie (D:6)
  An ice beast zombie (D:5)
  A howler monkey zombie (D:11)
  3 worm zombies
  5 adder zombies
  An iguana zombie (D:6)
  A jelly zombie (D:5)
  2 spectral shadow imps
  A bat zombie (D:1)
  5 gnoll zombies
  A ball python zombie (D:2)
  2 endoplasm zombies
  A frilled lizard zombie (D:2)
  2 giant cockroach zombies
  5 goblin zombies
  A hobgoblin zombie (D:3)
  2 jackal zombies (D:2)
  4 kobold zombies
  27 orc zombies
  A quokka zombie (D:1)
  A rat zombie (D:3)
  A spectral ufetubus (D:5)
87 creatures vanquished.

Grand Total: 438 creatures vanquished

Notes
Turn   | Place    | Note
-------+----------+-------------------------------------------
     0 | D:1      | mdonais the Octopode Brigand began the quest for the Orb.
     0 | D:1      | Reached XP level 1. HP: 14/14 MP: 1/1
    21 | D:1      | Found a faded altar of an unknown god.
    46 | D:1      | Prayed at the altar of an unknown god.
    46 | D:1      | Became a worshipper of Yredelemnul the Dark
    46 | D:1      | Reached * piety under Yredelemnul
   188 | D:1      | Reached XP level 2. HP: 19/19 MP: 2/2
   193 | D:1      | Reached ** piety under Yredelemnul
   549 | D:1      | Found Zomijum's Antique Armour Shop.
   734 | D:2      | Reached XP level 3. HP: 25/25 MP: 3/3
   881 | D:2      | Reached skill level 3 in Fighting
   901 | D:2      | Reached XP level 4. HP: 19/31 MP: 4/4
   918 | D:2      | Noticed Robin
   925 | D:2      | Killed Robin
  1317 | D:2      | Found Guaxkogob's Book Shop.
  1387 | D:2      | Reached XP level 5. HP: 37/37 MP: 5/5
  1462 | D:3      | Noticed a kobold brigand
  1464 | D:3      | Killed a kobold brigand
  1465 | D:3      | Reached skill level 4 in Fighting
  1887 | D:3      | Reached XP level 6. HP: 34/43 MP: 6/6
  1991 | D:3      | Found a runed translucent door.
  1991 | D:3      | Noticed Brisketman's ghost (amateur FeNe)
  2007 | D:3      | Killed Brisketman's ghost
  2072 | D:3      | Found a stormy altar of Qazlal.
  2414 | D:3      | Reached skill level 1 in Invocations
  2694 | D:4      | Found Fifreeto's Weapon Emporium.
  2724 | D:4      | Noticed Edmund
  2925 | D:4      | Noticed Eustachio
  2933 | D:4      | Noticed Ijyb
  2940 | D:4      | Killed Ijyb
  2941 | D:4      | Reached XP level 7. HP: 24/49 MP: 8/8
  2947 | D:4      | Killed Eustachio
  2948 | D:4      | Reached skill level 5 in Short Blades
  3210 | D:4      | Found an ornate altar of the Wu Jian Council.
  3521 | D:4      | Reached *** piety under Yredelemnul
  3541 | D:4      | Killed Edmund
  3542 | D:4      | Reached skill level 5 in Fighting
  3542 | D:4      | Reached XP level 8. HP: 38/55 MP: 8/10
  3637 | D:5      | Entered Level 5 of the Dungeon
  3971 | D:5      | Found a basalt altar of Yredelemnul.
  3971 | D:5      | Noticed Blork the orc
  3973 | D:5      | Noticed a profane servitor
  3975 | D:5      | Killed Blork the orc
  4002 | D:5      | Found a glowing golden altar of the Shining One.
  4004 | D:5      | Noticed an angel
  4156 | D:5      | Noticed Duvessa
  4156 | D:5      | Noticed Dowan
  4185 | D:5      | Killed Duvessa
  4198 | D:4      | HP: 2/57 [something/puff of flame (7)]
  4573 | D:5      | Reached skill level 6 in Fighting
  4692 | D:5      | Reached skill level 5 in Invocations
  5223 | D:6      | Reached XP level 9. HP: 57/63 MP: 13/13
  5492 | D:6      | Found a hide-covered altar of Uskayaw.
  5512 | D:6      | Found a runed translucent gate.
  5513 | D:6      | Found a runed translucent gate.
  5514 | D:6      | Found a runed translucent gate.
  5515 | D:6      | Noticed Tollund's ghost (amateur TrMo)
  5598 | D:6      | Reached skill level 5 in Dodging
  5598 | D:6      | Reached skill level 1 in Evocations
  5742 | D:6      | Noticed a troll
  5791 | D:6      | Killed a troll
  5792 | D:6      | Reached skill level 7 in Fighting
  6053 | D:6      | Found a staircase to the Ecumenical Temple.
  6113 | D:6      | Reached skill level 8 in Fighting
  6113 | D:6      | Reached XP level 10. HP: 42/72 MP: 15/15
  6487 | D:6      | Reached **** piety under Yredelemnul
  6504 | D:6      | Killed Tollund's ghost
  6671 | D:7      | Found Exyzxa's Book Shop.
  6776 | D:7      | Found a white marble altar of Elyvilon.
  6828 | D:7      | Upgraded the game from 0.31-a0-210-gccc998df9b to
                  | 0.31-a0-217-g58bb5d79cf
  6828 | D:7      | Upgraded the game from 0.31-a0-217-g58bb5d79cf to
                  | 0.31-a0-221-gbddc013574
  6920 | D:7      | Found a broken altar of Ashenzari.
  7233 | D:7      | Found an ancient bone altar of Kikubaaqudgha.
  7385 | D:7      | Reached skill level 9 in Fighting
  7674 | D:8      | Identified the +6 demon blade "Goviub" {flame, Int+2 Dex+3}
  7828 | D:8      | Found a glowing silver altar of Zin.
  8150 | D:8      | Found a bloodstained altar of Trog.
  8151 | D:8      | Noticed a wizard
  8157 | D:8      | Killed a wizard
  8471 | D:8      | Found a staircase to the Lair.
  8708 | D:9      | Found a sacrificial altar of Ru.
  8862 | D:9      | Reached XP level 11. HP: 73/80 MP: 17/17
  9246 | D:9      | Reached skill level 5 in Long Blades
  9585 | D:9      | Got the Anthology of a Hundred Tales
  9828 | D:9      | Found a blossoming altar of Fedhas.
  9831 | D:9      | Found a sparkling altar of Nemelex Xobeh.
  9835 | D:9      | Found an opulent altar of Gozag.
  9891 | D:9      | Reached skill level 10 in Fighting
 10163 | D:10     | Entered Level 10 of the Dungeon
 10213 | D:10     | Learned a level 2 spell: Blink
 10217 | D:10     | Learned a level 3 spell: Ozocubu's Armour
 10263 | D:10     | Found a radiant altar of Vehumet.
 10275 | D:10     | Noticed a two-headed ogre
 10288 | D:10     | Killed a two-headed ogre
 10289 | D:10     | Reached skill level 1 in Spellcasting
 10289 | D:10     | Reached skill level 1 in Translocations
 10289 | D:10     | Reached skill level 1 in Ice Magic
 11511 | D:5      | Found a basalt altar of Yredelemnul.
 11692 | D:5      | Killed Dowan
 11816 | D:5      | Found a glowing golden altar of the Shining One.
 11910 | Lair:1   | Entered Level 1 of the Lair of Beasts
 11911 | Lair:1   | Noticed Amaemon
 12404 | D:11     | Noticed a two-headed ogre
 12411 | D:11     | Killed a two-headed ogre
 12617 | D:11     | Noticed a cyclops
 12628 | D:11     | Killed a cyclops
 12745 | D:11     | Reached XP level 12. HP: 46/87 MP: 11/18
 12991 | D:11     | Reached skill level 5 in Ice Magic
 13192 | D:11     | Noticed a two-headed ogre
 13197 | D:11     | Killed a two-headed ogre
 13337 | D:11     | Reached ***** piety under Yredelemnul
 14502 | D:12     | Reached skill level 10 in Invocations
 14659 | D:12     | Found a staircase to the Orcish Mines.
 14679 | D:12     | Identified the +9 great sword of Daluj {freeze, +Blink rF-
                  | rN+}
 14881 | D:12     | Noticed Lodul
 14899 | D:12     | Killed Lodul
 15153 | D:12     | Reached skill level 11 in Fighting
 15811 | D:12     | Noticed a two-headed ogre
 15832 | D:12     | Killed a two-headed ogre
 15924 | D:12     | You fall into a shaft and drop 2 floors!
 15925 | D:14     | Identified a scroll of acquirement
 15927 | D:14     | Acquired the ring of Birdsong {rF+ rN+ SInv}
 15977 | D:14     | Found a gate leading to a gauntlet.
 16003 | Gauntlet | Entered a Gauntlet
 16003 | Gauntlet | Found a transporter.
 16011 | Gauntlet | Learned a level 4 spell: Manifold Assault
 16017 | Gauntlet | Found a transporter.
 16021 | Gauntlet | Found a transporter.
 16021 | Gauntlet | Found a transporter.
 16037 | Gauntlet | Found a transporter.
 16053 | Gauntlet | Found a transporter.
 16061 | Gauntlet | Found a transporter.
 16062 | Gauntlet | Noticed a great orb of eyes
 16078 | Gauntlet | Found a transporter.
 16101 | Gauntlet | Found a transporter.
 16110 | Gauntlet | Found a transporter.
 16111 | Gauntlet | Noticed a quicksilver ooze
 16128 | Gauntlet | Found a transporter.
 16141 | Gauntlet | Noticed a quicksilver ooze
 16143 | Gauntlet | Found a transporter.
 16148 | Gauntlet | Found a transporter.
 16150 | Gauntlet | Found a transporter.
 16150 | Gauntlet | Found a transporter.
 16169 | Gauntlet | Found a large runed translucent door.
 16170 | Gauntlet | Found a large runed translucent door.
 16171 | Gauntlet | Found a large runed translucent door.
 16171 | Gauntlet | Found a large runed translucent door.
 16172 | Gauntlet | Found a runed translucent gate.
 16173 | Gauntlet | Found a transporter.
 16173 | Gauntlet | Found a runed translucent gate.
 16174 | Gauntlet | Found a runed translucent gate.
 16174 | Gauntlet | Found a large runed translucent door.
 16174 | Gauntlet | Found a large runed translucent door.
 16174 | Gauntlet | Found a runed translucent door.
 16174 | Gauntlet | Found a runed translucent door.
 16175 | Gauntlet | Found a large runed translucent door.
 16176 | Gauntlet | Found a large runed translucent door.
 16178 | Gauntlet | Found a transporter.
 16183 | Gauntlet | Found a large runed translucent door.
 16183 | Gauntlet | Found a large runed translucent door.
 16184 | Gauntlet | Found a large runed translucent door.
 16185 | Gauntlet | Found a large runed translucent door.
 16194 | Gauntlet | Found a large runed translucent door.
 16194 | Gauntlet | Found a large runed translucent door.
 16195 | Gauntlet | Found a large runed translucent door.
 16196 | Gauntlet | Found a large runed translucent door.
 16219 | Gauntlet | Found a transporter.
 16503 | Gauntlet | Gained mutation: You are frail. (-10% HP) [a shining eye]
 16609 | Gauntlet | Identified the amulet "Voeninon" {Faith rF++ Str+2 Stlth-}
 16617 | Gauntlet | Slain by a quicksilver ooze

Illustrated notes

Levels and vault maps discovered:
D:1:      psy_arrival_radial01, layout_rooms, serial_shops,
          nicolae_shop_just_a_little_nook, serial_bayou, serial_bayou_pond_e,
          serial_bayou_lagoon_a, serial_bayou_crossing, serial_bayou_shore_b,
          ebering_ecumenical_altar_abandoned, chequers_serial_rivers_micro_d,
          wander_ebering_terrifying_dragon_lair
D:2:      layout_loops_ring, serial_shops, shop, uniq_robin
D:3:      layout_basic, grunt_qazlal_clouds, gammafunk_ghost_grave,
          corexii_leaking_fountain, wad_orctagon
D:4:      layout_loops_corners, nicolae_wu_jian_wuxing_cycle, serial_glass,
          glass_columns_a, glass_columns_b, glass_columns_b, glass_columns_a,
          glass_columns_a, glass_columns_c, serial_shops, shop,
          hangedman_feature_mirror, uniq_edmund, uniq_ijyb, uniq_eustachio
D:5:      nicolae_cairo_tiling_large, layout_loops_cross,
          grunt_temple_overflow_holy_war, kennysheep_generic_room_6,
          uniq_blork_the_orc, uniq_duvessa
D:6:      cheibrodos_barr_body, layout_cave_pools,
          nicolae_uskayaw_murder_on_the_dancefloor,
          minmay_temple_entry_overgrown, gammafunk_ghost_split
D:7:      layout_basic, old_standard_altar, kiku_gazebo_garden_becter,
          kennysheep_mini, serial_shops, nicolae_shop_hallway_stairs
D:8:      layout_loops_ring, trog_wizard, mainiacjoe_overflow_cross_hatched,
          lair_entry_dummy
D:9:      layout_gridville, nicolae_ru_awakened_eye, minitemple, special_room
          [special_room_orc]
D:10:     layout_roguey, mainiacjoe_overflow_small_starburst
D:11:     layout_loops_corners
D:12:     minmay_connected_triangles_in_corner, layout_loops_cross,
          minmay_orc_entry_temple_small, uniq_erolcha, uniq_lodul
D:14:     layout_cave_pods, okawaru_trees_2, gauntlet_entry_generic, uniq_azrael
Lair:1:   layout_chaotic_city, uniq_amaemon
Gauntlet: gammafunk_gauntlet_one_two_three [nicolae_gauntlet_arena_flowing_pool,
          gammafunk_gauntlet_arena_crates, gammafunk_gauntlet_arena_grid,
          gammafunk_gauntlet_arena_split_diamond,
          gammafunk_gauntlet_arena_spirals, nicolae_gauntlet_arena_blocks,
          gammafunk_gauntlet_arena_split_x, nicolae_gauntlet_swirl,
          minmay_gauntlet_arena_make_your_own_arena,
          dreamdust_gauntlet_exit_labyrinth]

Skill      XL: |  1  2  3  4  5  6  7  8  9 10 11 12 |
---------------+-------------------------------------+-----
Fighting       | 3 4 5 6 8 9 10 11 | 11.0
Short Blades   | 3 4 5 6 |  6.0
Invocations    | 1 2 5 7 8 10 | 10.0
Throwing       | 3 4 |  4.0
Dodging        | 2 4 6 7 8 |  8.0
Evocations     | 3 |  3.7
Long Blades    | 3 5 6 |  6.5
Spellcasting   | 3 |  3.9
Translocations | 3 4 |  4.4
Ice Magic      | 4 5 |  5.0
Stealth        | 7 |  7.0

Action                     |  1- 3 |  4- 6 |  7- 9 | 10-12 || total
---------------------------+-------+-------+-------+-------++-------
  Melee: Dagger            |     8 |    76 |   115 |     8 ||   207
         Constrict         |     6 |    22 |    24 |    48 ||   100
         Tentacles         |     3 |    26 |    38 |    92 ||   159
         Short sword       |    27 |    12 |    41 |   118 ||   198
         Punch             |     1 |     1 |     5 |     5 ||    12
         Demon blade       |       |       |       |   287 ||   287
  Throw: Dart              |     2 |     7 |    31 |    17 ||    57
         Javelin           |       |       |     6 |    35 ||    41
         Boomerang         |       |       |       |    12 ||    12
   Cast: Ozocubu's Armour  |       |       |       |    15 ||    15
         Manifold Assault  |       |       |       |     5 ||     5
 Invoke: Recall Undead Har |       |     1 |       |     1 ||     2
         Dark Bargain      |       |       |     2 |     3 ||     5
         Bind Soul         |       |       |       |     2 ||     2
  Evoke: Wand              |       |       |    12 |     1 ||    13
    Use: Scroll            |       |     1 |    10 |    13 ||    24
         Potion            |       |       |     4 |     7 ||    11
   Stab: Sleeping          |     5 |    16 |    10 |    16 ||    47
         Distracted        |       |     2 |     2 |     5 ||     9
 Armour: Skin              |     4 |     3 |     4 |    46 ||    57
  Dodge: Dodged            |    16 |    29 |    71 |   334 ||   450

Table legend: (Time is in decaauts)
 A = Elapsed time spent in this place.
 B = Non-inter-level travel time spent in this place.
 C = Inter-level travel time spent in this place.
 D = Time resting spent in this place.
 E = Time spent auto-exploring this place.
 F = Levels seen in this place.
 G = Mean time per level.
                   A        B        C        D        E       F      G
               +--------+--------+--------+--------+--------+-----+--------+
         Total |  16489 |  15950 |    539 |   2247 |  10690 |  15 | 1099.3 |
       Dungeon |  15864 |  15326 |    538 |   2032 |  10690 |  13 | 1220.3 |
          Lair |     12 |     12 |      0 |      0 |      0 |   1 |   12.0 |
      Gauntlet |    612 |    612 |      0 |    215 |      0 |   1 |  612.0 |
               +--------+--------+--------+--------+--------+-----+--------+

Top non-repeatable levels by time:
    D:11: 2254 daAuts
     D:5: 1867 daAuts
     D:8: 1773 daAuts
     D:4: 1528 daAuts
    D:12: 1471 daAuts
     D:6: 1390 daAuts
     D:9: 1277 daAuts
    D:10: 1009 daAuts
     D:3: 989 daAuts
     D:7: 772 daAuts
     D:2: 748 daAuts
     D:1: 702 daAuts
Gauntlet: 612 daAuts
    D:14: 78 daAuts
  Lair:1: 12 daAuts
